 Dungeon Crawl Stone Soup version 0.32-a0-675-gdc239d62e1 (webtiles) character file.

Game seed: 17463323937264402058

2317 gimp the Martial Artist (level 8, -6/68 HPs)
             Began as a Demigod Shapeshifter on Mar 11, 2024.
             Mangled by a human
             ... wielding a +0 war axe
              (16 damage)
             ... in a bailey.
             The game lasted 00:19:21 (9200 turns).

gimp the Martial Artist (Demigod Shapeshifter)      Turns: 9200, Time: 00:19:22

Health: -6/68      AC:  2    Str: 15    XL:     8   Next: 98%
Magic:  10/10      EV: 12    Int: 12    God:
Gold:   358        SH:  0    Dex: 21    Spells: 7/7 levels left

rFire   + .          .
                       - Unarmed
rCold   . . .        (no shield)
rNeg    . . .        a - +0 animal skin
rPois   .            (helmet currently unavailable)
rElec   .            (cloak currently unavailable)
rCorr   .            (gloves currently unavailable)
SInv    +            (boots currently unavailable)
Will    .....        (no amulet)
Stlth   ++           u - ring of see invisible
HPRegen 0.31/turn    x - ring of protection from fire
MPRegen 0.12/turn

%: no passive effects
@: beast-form, invisible
A: beast (slay +3), high MP 1, forlorn, divine attributes
a: Begin Untransformation


You were in a bailey.
You were a hulking beast.
You visited 1 branch of the dungeon, and saw 8 of its levels.
You also visited: Bailey.

You collected 358 gold pieces.

Inventory:

Missiles
 j - 3 curare-tipped darts
 q - a throwing net
Armour
 a - a +0 animal skin (worn)
 w - a +0 cloak
Jewellery
 l - an amulet of magic regeneration
 u - a ring of see invisible (left hand)
 x - a ring of protection from fire (right hand)
Talismans
 c - a beast talisman (active)
 d - a flux talisman
Wands
 g - a wand of flame (22)
 y - a wand of quicksilver (5)
Scrolls
 e - 2 scrolls of vulnerability {unknown}
 m - a scroll of immolation {unknown}
 n - a scroll of revelation {unknown}
 o - 3 scrolls of teleportation
 v - a scroll of noise {unknown}
 z - a scroll of enchant armour {unknown}
 A - 4 scrolls of fog {unknown}
Potions
 f - a potion of mutation {unknown}
 h - 2 potions of attraction
 r - a potion of brilliance
 s - a potion of might
 t - 2 potions of haste


   Skills:
 - Level 5.0 Fighting
 - Level 1.7 Dodging
 * Level 9.2 Unarmed Combat
 + Level 5.3 Shapeshifting


You had 7 spell levels left.
You didn't know any spells.
Your spell library contained the following spells:

 Spells                   Type           Power      Damage    Failure   Level
 Apportation              Tloc           0%         N/A       32%         1
 Jinxbite                 Hex            0%         N/A       45%         2
 Fugue of the Fallen      Necr           0%         N/A       69%         3
 Ozocubu's Armour         Ice            0%         N/A       69%         3
 Manifold Assault         Tloc           0%         N/A       97%         4
 Alistair's Intoxication  Alch           0%         N/A       100%        5


Dungeon Overview and Level Annotations

Branches:
Dungeon (8/15)             Temple (0/1) D:4          Bailey (1/1)
   Lair: D:8-11

Shops:
D:4 =

Annotations:
D:3 Terence
D:4 3 runed translucent doors
D:5 exclusion: ogre, Edmund, Eustachio
D:7 1 runed translucent door, exclusion: door, Crazy Yiuf
D:8 5 runed translucent doors, exclusion: 3 doors, seaoflcl's ghost, novice MiBe


Innate Abilities, Weirdness & Mutations

You are a hulking beast.
Your limbs bulge with bestial killing power. (Slay +3)
You have an increased reservoir of magic. (+10% MP)
You shall have no god before yourself.
Your divine heritage dramatically boosts your attributes as you level up.


Message History

The human is lightly wounded.
The human hits you with a +0 war axe. The human barely misses you.
You take 3 damage, and have 58/68 hp.
You barely miss the human.
The human is lightly wounded.
The human hits you with a +0 war axe.
You take 5 damage, and have 54/68 hp.
You miss the human.
The human is lightly wounded.
You punch the human!
The human is moderately wounded.
You hit the human but do no damage.
The human is moderately wounded.
The human closely misses you. The human barely misses you.
Okay, then.
Okay, then.
Unknown command.
Okay, then.
Aiming: Quicksilver Bolt
Press: ? - help, Shift-Dir - straight line, f - human
Aim: a human, wielding a +0 war axe and wearing a +0 scale mail (64% to hit)
The bolt of dispelling energy hits the human.
The human is lightly wounded.
The bolt of dispelling energy hits the human!
The human is moderately wounded.
The human hits you with a +0 war axe!
The human hits you with a +0 heavy hand axe!
You take 19 damage, and have 36/68 hp.
MASSIVE DAMAGE!!
Aiming: Charm
Press: ? - help, Shift-Dir - straight line, f - human, p - human
Aim: a human, wielding a +0 heavy hand axe and wearing a +0 ring mail (lightly wounded, chance to affect: 49%)
The human resists with some effort.
The now-empty wand crumbles to dust.
The human closely misses you.
Okay, then.
You fade into invisibility!
The human misses you. The human hits you with a +0 war axe!
* * * LOW HITPOINT WARNING * * *
You take 16 damage, and have 20/68 hp.
MASSIVE DAMAGE!!
You feel much better. The human closely misses you.
You regained 17 hp, and now have 38/68 hp.
You catch the helpless human completely off-guard!
You hit the human.
The human is lightly wounded.
The human closely misses you.
You hit the human. You punch the human.
The human is moderately wounded.
The human misses you. The human closely misses you.
You catch the helpless human completely off-guard!
You punch the human!
The human is heavily wounded.
The human barely misses you. The human hits you with a +0 war axe.
You take 2 damage, and have 37/68 hp.
You catch the helpless human completely off-guard!
You hit the human but do no damage.
The human is heavily wounded.
The human closely misses you. x2
You hit the human.
The human is severely wounded.
The human hits you with a +0 heavy hand axe!!
* * * LOW HITPOINT WARNING * * *
You take 18 damage, and have 19/68 hp.
MASSIVE DAMAGE!!
You barely miss the human.
The human is severely wounded.
The human barely misses you.
You completely miss the human.
The human is severely wounded.
The human closely misses you. The human hits you with a +0 war axe!
* * * LOW HITPOINT WARNING * * *
You take 7 damage, and have 13/68 hp.
You feel much better. The human hits you with a +0 war axe.
The human hits you with a +0 war axe! The human misses you.
You regained 11 hp, and now have 24/68 hp.
You strike the helpless human from behind!
You punch the human!
You kill the human!
The human hits you but does no damage. The human closely misses you.
You catch the helpless human completely off-guard!
You punch the human! You punch the human, but do no damage.
The human is severely wounded.
The human misses you.
There is an open door, spattered with blood here.
Things that are here:
a +0 hand axe; a +0 leather armour You hit the human.
The human is moderately wounded.
The human hits you with a +0 war axe!
* * * LOW HITPOINT WARNING * * *
You take 8 damage, and have 17/68 hp.
You catch the helpless human completely off-guard!
You hit the human but do no damage.
The human is moderately wounded.
The human hits you with a +0 war axe!
* * * LOW HITPOINT WARNING * * *
You take 13 damage, and have 4/68 hp.
Okay, then.
You feel better.
You regained 6 hp, and now have 10/68 hp.
As you close the door, pushing everything out of the way, it creaks loudly!
A human breaks down the door.
The human hits you with a +0 war axe!
You die...

## .## ..# ..#
##..#
######...#
#.......#####
#.....p##...##
#+#...h'p)∩..#
######.....#
+..∩..#
##...## #####


You could see 2 humans.

Vanquished Creatures
  A human (Bailey)
  A water moccasin (D:5)
  A black bear (D:8)
  2 sky beasts
  2 ogres
  3 phantoms
  A kobold brigand (D:8)
  3 bullfrogs (D:7)
  2 scorpions
  2 wights (D:8)
  2 howler monkeys
  4 jellies
  4 orc priests
  A bombardier beetle (D:7)
  8 orc wizards
  A sleepcap (D:7)
  An iguana (D:7)
  5 gnolls
  9 adders
  A shadow imp (D:5)
  2 white imps
  5 dart slugs
  21 orcs
  7 ball pythons
  15 endoplasms
  6 giant cockroaches
  8 goblins
  8 hobgoblins
  6 jackals
  2 quokkas
  7 bats
  7 frilled lizards
  13 kobolds
  5 rats
166 creatures vanquished.

Vanquished Creatures (collateral kills)
  An orc (D:5)
  A goblin (D:4)
2 creatures vanquished.

Vanquished Creatures (others)
  A hound (D:5)
  An orc (D:7)
2 creatures vanquished.

Grand Total: 170 creatures vanquished

Notes
Turn   | Place    | Note
-------+----------+-------------------------------------------
     0 | D:1      | gimp the Demigod Shapeshifter began the quest for the Orb.
     0 | D:1      | Reached XP level 1. HP: 15/15 MP: 3/3
    58 | D:1      | Reached skill level 1 in Fighting
    70 | D:1      | Reached skill level 3 in Unarmed Combat
   240 | D:1      | Reached XP level 2. HP: 22/23 MP: 4/4
  1303 | D:2      | Reached XP level 3. HP: 23/29 MP: 5/5
  1548 | D:2      | Reached skill level 4 in Unarmed Combat
  1993 | D:3      | Reached XP level 4. HP: 36/36 MP: 6/6
  2232 | D:3      | Reached XP level 5. HP: 29/44 MP: 7/7
  2312 | D:3      | Noticed Terence
  2614 | D:4      | Noticed an ogre
  2713 | D:4      | Found Idas's Jewellery Shoppe.
  2797 | D:3      | Reached skill level 5 in Unarmed Combat
  3408 | D:4      | Reached XP level 6. HP: 46/51 MP: 8/8
  3762 | D:5      | Entered Level 5 of the Dungeon
  3784 | D:5      | Noticed Edmund
  3795 | D:5      | Noticed a water moccasin
  3822 | D:5      | Killed a water moccasin
  4118 | D:5      | Reached skill level 6 in Unarmed Combat
  4306 | D:5      | Noticed Eustachio
  4455 | D:5      | Reached XP level 7. HP: 32/58 MP: 9/9
  5069 | D:4      | Found a staircase to the Ecumenical Temple.
  5109 | D:4      | Found a runed translucent gate.
  5109 | D:4      | Found a runed translucent gate.
  5110 | D:4      | Found a runed translucent gate.
  6239 | D:6      | Reached skill level 7 in Unarmed Combat
  6717 | D:6      | Reached XP level 8. HP: 46/67 MP: 10/10
  7263 | D:7      | Reached skill level 5 in Fighting
  7605 | D:6      | Reached skill level 8 in Unarmed Combat
  8621 | D:7      | Found a runed translucent door.
  8622 | D:7      | Noticed Crazy Yiuf
  8780 | D:8      | Reached skill level 5 in Shapeshifting
  8792 | D:8      | Found a runed translucent gate.
  8792 | D:8      | Found a runed translucent gate.
  8990 | D:8      | Reached skill level 9 in Unarmed Combat
  9006 | D:8      | Found a runed translucent door.
  9010 | D:8      | Found a runed translucent door.
  9039 | D:8      | Noticed a nine-headed hydra
  9040 | D:8      | Found a runed translucent gate.
  9041 | D:8      | Noticed seaoflcl's ghost (novice MiBe)
  9075 | D:8      | Found a flagged portal.
  9154 | Bailey   | Entered a bailey
  9200 | Bailey   | Mangled by a human

Illustrated notes

Levels and vault maps discovered:
D:1:      minmay_arrival_open_corners, layout_loops_ring, serial_forest,
          infiniplex_forest_end_1, infiniplex_forest_lined_corner,
          infiniplex_forest_clump_large, infiniplex_forest_clump_medium,
          infiniplex_forest_split, infiniplex_forest_clump_curved,
          infiniplex_forest_zigzag_2, infiniplex_forest_end_3,
          infiniplex_forest_zigzag_2, infiniplex_forest_clump_cross
D:2:      layout_rooms, serial_bayou, serial_bayou_pond_b, serial_bayou_pond_b,
          serial_bayou_pond_b, serial_bayou_pond_b, mrwooster_statue_mirror
D:3:      layout_rooms, lemuel_tele_altar, lemuel_round_altar,
          guppyfry_early_lair_pool, uniq_terence
D:4:      corexii_shack_village, layout_loops_ring,
          minmay_temple_entry_overgrown, ebering_ghost_rock_garden,
          serial_shops, shop
D:5:      layout_cave_pools, mainiacjoe_overflow_24_doors, uniq_edmund,
          uniq_eustachio
D:6:      layout_cave_pods, mainiacjoe_overflow_surrounded_room
D:7:      hellmonk_destroyed_diamonds, layout_cave_pods,
          minmay_stone_trees_small, uniq_crazy_yiuf_cottage
D:8:      lemuel_insect_pit, layout_basic, lemuel_coloured_pillars_altar,
          gammafunk_ghost_hydra_chop, enter_bailey_4, serial_shops,
          kennysheep_little_box, minmay_crystal_water
Bailey:   bailey_axe_froggy_fort_hellmonk, bailey

Skill      XL: |  1  2  3  4  5  6  7  8 |
---------------+-------------------------+-----
Fighting       | 1 2 3 4 5 |  5.0
Unarmed Combat | 3 4 5 6 7 9 |  9.2
Shapeshifting  | 3 4 5 |  5.3
Dodging        | |  1.7

Action                     |  1- 3 |  4- 6 |  7- 9 || total
---------------------------+-------+-------+-------++-------
  Melee: Unarmed           |   145 |   168 |   233 ||   546
         Punch             |     1 |     4 |    10 ||    15
  Throw: Dart              |       |       |     2 ||     2
  Evoke: Wand              |       |     3 |     8 ||    11
    Use: Potion            |       |     2 |     4 ||     6
         Scroll            |       |       |    10 ||    10
   Stab: Sleeping          |     1 |     1 |     5 ||     7
         Invisible         |       |       |     6 ||     6
 Armour: Animal skin       |    91 |   119 |   139 ||   349
         Skin              |       |    11 |       ||    11
  Dodge: Dodged            |    99 |    98 |    92 ||   289

Table legend: (Time is in decaauts)
 A = Elapsed time spent in this place.
 B = Non-inter-level travel time spent in this place.
 C = Inter-level travel time spent in this place.
 D = Time resting spent in this place.
 E = Time spent auto-exploring this place.
 F = Levels seen in this place.
 G = Mean time per level.
                   A        B        C        D        E       F      G
               +--------+--------+--------+--------+--------+-----+--------+
         Total |   9168 |   8939 |    229 |    428 |   6617 |   9 | 1018.7 |
       Dungeon |   9127 |   8898 |    229 |    428 |   6615 |   8 | 1140.9 |
        Bailey |     41 |     41 |      0 |      0 |      2 |   1 |   41.0 |
               +--------+--------+--------+--------+--------+-----+--------+

Top non-repeatable levels by time:
     D:7: 1582 daAuts
     D:3: 1349 daAuts
     D:4: 1326 daAuts
     D:1: 1214 daAuts
     D:5: 1184 daAuts
     D:6: 1170 daAuts
     D:2: 790 daAuts
     D:8: 508 daAuts
  Bailey: 41 daAuts
